 Dungeon Crawl Stone Soup version 0.22-a0-352-gc608dd7 (webtiles) character file.

91 Amnesiac the Magician (level 4, 0/30 HPs)
             Began as a Mummy Earth Elementalist on Apr 14, 2018.
             Slain by an orc
             ... wielding a +0 whip
              (5 damage)
             ... on level 3 of the Dungeon on Apr 15, 2018.
             The game lasted 00:03:08 (1161 turns).

Amnesiac the Magician (Mummy Earth Elementalist)    Turns: 1161, Time: 00:03:10

Health: 0/30       AC:  2    Str: 11    XL:     4   Next: 34%
Magic:  2/9        EV: 12    Int: 15    God:
Gold:   78         SH:  0    Dex: 12    Spells: 7/10 levels left

rFire    x . .     SeeInvis .   f - +0 dagger
rCold    + . .     Gourm    .   (no shield)
rNeg     + + +     Faith    .   c - +0 robe
rPois    ∞         Spirit   .   (no helmet)
rElec    .         Reflect  .   (no cloak)
rCorr    .         Harm     .   (no gloves)
MR       +....                  (no boots)
Stlth    ++........             (no amulet)
HPRegen  0.10/turn              g - ring of protection from magic
MPRegen  0.11/turn              (no ring)

@: very slightly contaminated
A: no food or potions, fire vulnerability, cold resistance 1, negative energy
resistance 3, torment resistance, unbreathing
a: no special abilities


You were on level 3 of the Dungeon.
You were not hungry.

You visited 1 branch of the dungeon, and saw 4 of its levels.

You collected 78 gold pieces.

Inventory:

Hand Weapons
 f - a +0 dagger (weapon)
Armour
 c - a +0 robe (worn)
Jewellery
 g - a ring of protection from magic (left hand)
Scrolls
 a - a scroll of enchant armour {!r, unknown}
 d - 3 scrolls of identify {!r, unknown}
 e - a scroll of blinking {!r, unknown}
 h - a scroll of teleportation {!r, unknown}


   Skills:
 - Level 1.5 Dodging
 - Level 1.5 Stealth
 + Level 3.8 Spellcasting
 - Level 0.7 Transmutations
 * Level 3.8 Earth Magic


You had 7 spell levels left.
You knew the following spells:

 Your Spells              Type           Power        Failure   Level  Hunger
a - Sandblast             Erth           ##....       3%          1    N/A
b - Passwall              Tmut/Erth      #.........   11%         2    N/A

Dungeon Overview and Level Annotations

Branches:
Dungeon (4/15)
 Temple: D:4-7

Altars:
Makhleb


Innate Abilities, Weirdness & Mutations

You do not eat or drink.
Your flesh is vulnerable to fire.
You are immune to poison.
Your flesh is cold resistant. (rC+)
You are immune to negative energy. (rN+++)
You are immune to unholy pain and torment.
You can survive without breathing.


Message History

Casting: Sandblast (safe; 4% risk of failure)
Confirm with . or Enter, or press ? or * to list all spells.
Aiming: Sandblast (safe; 4% risk of failure)
Press: ? - help, Shift-Dir - straight line, f/p - hound
Aim: a hound (almost dead)
The blast of sand hits the hound.
You kill the hound!
You have reached level 4!
b - 4 stones
Casting: Sandblast (safe; 3% risk of failure)
Confirm with . or Enter, or press ? or * to list all spells.
Aiming: Sandblast (safe; 3% risk of failure)
Press: ? - help, Shift-Dir - straight line, f - phantom
Aim: a phantom The blast of sand misses the phantom.
b - 3 stones Unknown command.
Casting: Sandblast (safe; 3% risk of failure)
Confirm with . or Enter, or press ? or * to list all spells.
Aiming: Sandblast (safe; 3% risk of failure)
Press: ? - help, Shift-Dir - straight line, f/p - phantom
Aim: a phantom The blast of sand hits the phantom.
The phantom is lightly damaged.
b - 2 stones
Casting: Sandblast (safe; 3% risk of failure)
Confirm with . or Enter, or press ? or * to list all spells.
Aiming: Sandblast (safe; 3% risk of failure)
Press: ? - help, Shift-Dir - straight line, f/p - phantom
Aim: a phantom (lightly damaged)
The blast of sand hits the phantom.
The phantom is lightly damaged.
b - a stone The phantom hits you.
Unknown command.
Casting: Sandblast (safe; 3% risk of failure)
Confirm with . or Enter, or press ? or * to list all spells.
Aiming: Sandblast (safe; 3% risk of failure)
Press: ? - help, Shift-Dir - straight line, f/p - phantom
Aim: a phantom (lightly damaged)
The blast of sand hits the phantom.
The phantom is lightly damaged.
You now have no stones remaining.
The phantom closely misses you. The adder bites you.
Unknown command.
The adder bites you.
* * * LOW HITPOINT WARNING * * *
The adder bites you.
* * * LOW HITPOINT WARNING * * *
The phantom blinks!
The adder bites you.
* * * LOW HITPOINT WARNING * * *
There is a stone staircase leading up here.
Casting: Sandblast (safe; 3% risk of failure)
Confirm with . or Enter, or press ? or * to list all spells.
Aiming: Sandblast (safe; 3% risk of failure)
Press: ? - help, Shift-Dir - straight line, f - adder, p - phantom
Aim: an adder You don't have any stones to cast with.
The adder bites you.
* * * LOW HITPOINT WARNING * * *
The adder bites you.
* * * LOW HITPOINT WARNING * * *
You climb upwards.
The orc hits you with a whip.
You die...

#.........###....#######...#....#
+.........'..............#####...
#.........###...o#######...#....#
#.......## #.#.## ##..#..#.#
##.....## #.### #....##.# ##...##
#.######## #.......# ##'##
##.##.....# ####.#### #.#
##...#o###.# #.# #.# #.#..S@# #.#
#.# ##.######.#.#o###.# #.#
##.....o...o.......# #.####
#....o#######.##.### #....#
####..........#.##.# ###.#.
......o......<..%..# ##.#
#####.#.[.....[.#### ###
#o##.####.### #.##.####.#


You could see an adder and 3 orcs.

Vanquished Creatures
  A hound (D:4)
  An orc wizard (D:3)
  An adder (D:2)
  A worm (D:3)
  A dart slug (D:1)
  An orc (D:3)
  3 bats
  2 goblins
  4 hobgoblins
  A frilled lizard (D:3)
  A kobold (D:2)
  A rat (D:2)
18 creatures vanquished.

Notes
Turn   | Place    | Note
-------+----------+-------------------------------------------
     0 | D:1      | Amnesiac the Mummy Earth Elementalist began the quest for the Orb.
     0 | D:1      | Reached XP level 1. HP: 13/13 MP: 4/4
   163 | D:1      | Reached XP level 2. HP: 16/19 MP: 3/5
   178 | D:1      | Learned a level 2 spell: Passwall
   416 | D:3      | Found a burning altar of Makhleb.
   438 | D:3      | Reached XP level 3. HP: 11/24 MP: 1/7
   445 | D:3      | HP: 1/24 [orc/club (5)]
  1133 | D:4      | Noticed a phantom
  1136 | D:4      | Reached XP level 4. HP: 18/30 MP: 3/9
  1161 | D:3      | Slain by an orc

Vault maps used:
D:1:      lordsloth_arrival_two_stooges
D:2:      nicolae_overflow_quartered_altars, first_ration
D:3:      bloody_makhleb, portal_sewer_entry_e, chequers_big_river
D:4:      grunt_temple_overflow_open, minmay_goblin_outpost

Skill      XL: |  1  2 |
---------------+-------+-----
Spellcasting   | 3 |  3.8
Earth Magic    | 3 |  3.8
Dodging        | |  1.5
Stealth        | |  1.5
Transmutations | |  0.7

Action                   |  1- 3 |  4- 6 || total
-------------------------+-------+-------++-------
Melee: Dagger            |    40 |       ||    40
 Cast: Sandblast         |    46 |     5 ||    51
       Passwall          |     1 |       ||     1
Armor: Robe              |    13 |       ||    13
Dodge: Dodged            |    66 |     1 ||    67

Table legend:
 A = Spawn XP
 B = Non-spawn XP
 C = Spawn XP percentage of total XP
 D = Spawn monster count
 E = Non-spawn monster count
 F = Spawn count percentage of total count
 G = Total turns spent on level
                    A         B        C        D         E        F      G
               +---------+---------+-------+---------+---------+-------+---------
         Total |       0 |     131 |   0.0 |       0 |      18 |   0.0 |  1161
               +---------+---------+-------+---------+---------+-------+---------
           D:1 |       0 |      14 |   0.0 |       0 |       6 |   0.0 |   200
           D:2 |       0 |      17 |   0.0 |       0 |       4 |   0.0 |   292
           D:3 |       0 |      55 |   0.0 |       0 |       7 |   0.0 |   416
           D:4 |       0 |      45 |   0.0 |       0 |       1 |   0.0 |   253
               +---------+---------+-------+---------+---------+-------+---------
